 Dungeon Crawl Stone Soup version 0.28-a0-479-g5baa6b73be (webtiles) character file.

Game seed: 8530854279281432878

3024 speeev33 the Slinger (level 9, -10/84 HPs)
             Began as a Minotaur Hunter on Sept 19, 2021.
             Mangled by a two-headed ogre (15 damage)
             ... on level 8 of the Dungeon.
             The game lasted 00:12:19 (9044 turns).

speeev33 the Slinger (Minotaur Hunter)              Turns: 9044, Time: 00:12:20

Health: -10/84     AC: 16    Str: 19    XL:     9   Next: 55%
Magic:  8/8        EV:  4    Int:  8    God:
Gold:   54         SH:  0    Dex: 12    Spells: 8/8 levels left

rFire   . . .      SeeInvis .   a - +2 hunting sling
rCold   . . .      Faith    .   (no shield)
rNeg    . . .      Spirit   .   j - +1 chain mail
rPois   .          Reflect  .   (helmet restricted)
rElec   .          Harm     .   F - +0 cloak
rCorr   +          Rampage  .   D - +1 pair of gloves
Will    +....                   (no boots)
Stlth   ..........              (no amulet)
HPRegen 0.24/turn               t - ring of willpower
MPRegen 0.11/turn               y - ring of resist corrosion

@: held
A: horns 2, retaliatory headbutt
a: no special abilities


You were on level 8 of the Dungeon.
You visited 2 branches of the dungeon, and saw 9 of its levels.

You collected 310 gold pieces.
You spent 256 gold pieces at shops.

Inventory:

Hand Weapons
 a - a +2 hunting sling (weapon)
 b - the +4 scimitar of Otzimoh {flame, +Blink rElec Will-}
   (You bought it in a shop on level 2 of the Dungeon)

   It burns those it strikes, dealing additional fire damage.
   Big, fiery blades are also staple armaments of hydra-hunters.
   rElec:     It insulates you from electricity.
   +Blink:    It lets you blink.
   Will:      It decreases your willpower.
Missiles
 d - 75 sling bullets (quivered ammo)
 h - 142 stones
 x - a throwing net
Armour
 j - a +1 chain mail (worn)
 D - a +1 pair of gloves (worn)
 F - a +0 cloak (worn)
Jewellery
 t - a ring of willpower (left hand)
 y - a ring of resist corrosion (right hand)
Wands
 n - a wand of paralysis (4)
 r - a wand of charming (10)
 z - a wand of mindburst (15)
 A - a wand of iceblast (7)
 B - a wand of polymorph (7)
 C - a wand of flame (22)
Scrolls
 g - 3 scrolls of amnesia
 s - 2 scrolls of immolation
 u - a scroll of magic mapping
 v - a scroll of holy word
 w - 4 scrolls of teleportation
Potions
 c - a potion of haste
 e - a potion of invisibility {unknown}
 f - 2 potions of ambrosia
 i - 2 potions of might
 k - a potion of magic {unknown}
 l - a potion of curing {unknown}
 m - 2 potions of attraction {unknown}
 o - 2 potions of mutation {unknown}
 p - 2 potions of berserk rage {unknown}
 q - a potion of heal wounds {unknown}
 E - 2 potions of brilliance {unknown}


   Skills:
 + Level 9.5 Fighting
 + Level 9.6 Slings
 + Level 9.1 Armour
 - Level 2.1 Dodging
 - Level 0.7 Stealth


You had 8 spell levels left.
You didn't know any spells.
Your spell library contained the following spells:

 Spells                   Type           Power      Damage    Failure   Level
 Apportation              Tloc           0%         N/A       98%         1
 Foxfire                  Conj/Fire      0%         2x1d4     98%         1
 Magic Dart               Conj           0%         1d3       98%         1
 Summon Small Mammal      Summ           0%         N/A       98%         1
 Blink                    Tloc           N/A        N/A       99%         2
 Searing Ray              Conj           0%         2d4       99%         2
 Call Canine Familiar     Summ           0%         N/A       100%        3
 Conjure Flame            Conj/Fire      0%         6-21      100%        3
 Inner Flame              Hex/Fire       0%         N/A       100%        3
 Summon Guardian Golem    Hex/Summ       0%         N/A       100%        3
 Flame Wave               Conj/Fire      0%         3d3       100%        4
 Fulminant Prism          Conj/Hex       0%         3d6       100%        4
 Olgreb's Toxic Radiance  Pois           0%         N/A       100%        4
 Alistair's Intoxication  Tmut/Pois      0%         N/A       100%        5
 Manifold Assault         Tloc           0%         N/A       100%        5
 Invisibility             Hex            0%         N/A       100%        6
 Ozocubu's Refrigeration  Ice            0%         4d5       100%        7
 Storm Form               Tmut/Air       0%         N/A       100%        7
 Ignition                 Fire           0%         3d3       100%        8


Dungeon Overview and Level Annotations

Branches:
Dungeon (8/15)             Temple (1/1) D:7
   Lair: D:8-11

Altars:
Ashenzari
Cheibriados
Dithmenos
Elyvilon
Gozag
Hepliaklqana
Makhleb
Nemelex Xobeh
Ru
Trog
Vehumet
Wu Jian
Xom
Zin

Shops:
D:2 (   D:4 ?   D:7 *

Annotations:
D:8 Harold


Innate Abilities, Weirdness & Mutations

You have a pair of horns on your head.
You reflexively headbutt those who attack you in melee.


Message History

You shoot a sling bullet.
The sling bullet hits the two-headed ogre!
The two-headed ogre is moderately wounded.
You shoot a sling bullet.
The sling bullet hits the two-headed ogre.
The two-headed ogre is moderately wounded.
You shoot a sling bullet.
The sling bullet barely misses the two-headed ogre.
You shoot a sling bullet.
The sling bullet hits the two-headed ogre.
The two-headed ogre is moderately wounded.
The two-headed ogre hits you but does no damage. x2
You shoot a sling bullet.
The sling bullet hits the two-headed ogre.
The two-headed ogre is heavily wounded.
You shoot a sling bullet.
The sling bullet closely misses the two-headed ogre.
The two-headed ogre hits you with a +0 giant spiked club!!
The two-headed ogre hits you with a +0 giant spiked club!
You are too injured to fight recklessly!
You are too injured to fight recklessly!
You are too injured to fight recklessly!
Fire: 76 sling bullets
Press: ? - help, Q - select action, (/) - cycle Shift-Dir - straight line, f/p - two-headed ogre
Aim: a two-headed ogre, wielding two +0 giant spiked clubs (heavily wounded, 79% to hit)
You shoot a sling bullet.
The sling bullet barely misses the two-headed ogre.
Harold the Weathered comes into view.
He is wielding a +2 flail of holy wrath and wearing a +3 scale mail of poison resistance.
Harold shouts!
Harold throws a throwing net.
The throwing net hits you.
You become entangled in the net!
The two-headed ogre hits you but does no damage.
The two-headed ogre hits you with a +0 giant spiked club!
You see here a throwing net.
You struggle against the net.
You struggle against the net.
The two-headed ogre hits you with a +0 giant spiked club!!
* * * LOW HITPOINT WARNING * * *
The two-headed ogre hits you with a +0 giant spiked club!
You die...

#...# ... #...#####
... #...##..
..##+####...##.#
...(...#...##.#######
...(. +......>.....#
... #....####....#
#(####.......+ ..#
#.#O@.......## #
#...@...###.#
###.#.....#.#
#.#.#)#.#.# #.#..<#.#
# #.#####+# #.. ###


You could see Harold and a two-headed ogre.

Vanquished Creatures
  A two-headed ogre (D:8)
  Pikel (D:7)
  2 water moccasins
  2 black bears
  An orc warrior (D:6)
  A centaur (D:6)
  A lemure (D:7)
  2 bullfrogs (D:6)
  A wyvern zombie (D:7)
  2 water moccasin zombies (D:5)
  2 water moccasin skeletons
  4 wights (D:5)
  2 bullfrog zombies (D:5)
  A hound (D:6)
  3 bullfrog skeletons
  4 orc priests
  A jelly (D:6)
  A centaur skeleton (D:6)
  Jessica (D:2)
  Terence (D:3)
  2 iguanas (D:4)
  2 orc wizards (D:7)
  A hound skeleton (D:4)
  A howler monkey zombie (D:5)
  4 gnolls (D:3)
  10 adders
  A white imp (D:6)
  3 ufetubi
  An adder skeleton (D:4)
  4 worms (D:3)
  6 dart slugs
  21 orcs
  8 bats
  4 endoplasms
  9 goblins
  4 hobgoblins
  11 jackals
  5 quokkas
  11 ball pythons
  4 frilled lizards
  9 kobolds
  6 rats
161 creatures vanquished.

Vanquished Creatures (others)
  An orc wizard (D:7)
1 creature vanquished.

Grand Total: 162 creatures vanquished

Notes
Turn   | Place    | Note
-------+----------+-------------------------------------------
     0 | D:1      | speeev33 the Minotaur Hunter began the quest for the Orb.
     0 | D:1      | Reached XP level 1. HP: 18/18 MP: 0/0
   567 | D:1      | Reached XP level 2. HP: 25/25 MP: 1/1
   710 | D:1      | Found a faded altar of an unknown god.
   747 | D:2      | Reached skill level 1 in Armour
   875 | D:2      | Reached XP level 3. HP: 31/31 MP: 2/2
   880 | D:2      | Noticed Jessica
   882 | D:2      | Killed Jessica
   883 | D:2      | Reached skill level 5 in Slings
   961 | D:2      | Reached XP level 4. HP: 40/40 MP: 3/3
  1032 | D:2      | Found Roerph's Antique Weapon Shop.
  1624 | D:3      | Reached XP level 5. HP: 35/46 MP: 4/4
  2166 | D:3      | Noticed Terence
  2174 | D:3      | Killed Terence
  2303 | D:3      | Paralysed by a kobold for 5 turns
  3041 | D:4      | Reached XP level 6. HP: 55/55 MP: 5/5
  3196 | D:4      | Reached skill level 5 in Fighting
  3247 | D:4      | Found Pisustra's Magic Scroll Boutique.
  3698 | D:4      | Bought a scroll of magic mapping for 49 gold pieces
  3989 | D:5      | Entered Level 5 of the Dungeon
  4292 | D:5      | Reached XP level 7. HP: 58/62 MP: 6/6
  4341 | D:5      | Reached skill level 5 in Armour
  5129 | D:5      | Reached XP level 8. HP: 68/70 MP: 7/7
  7288 | D:7      | Found a staircase to the Ecumenical Temple.
  7298 | Temple   | Entered the Ecumenical Temple
  7835 | D:7      | Noticed Pikel
  7854 | D:7      | Killed Pikel
  7855 | D:7      | Reached XP level 9. HP: 76/82 MP: 8/8
  8356 | D:7      | Found Hoseveiv's Assorted Antiques.
  8482 | D:2      | Bought a crystal scimitar for 207 gold pieces
  8482 | D:2      | Identified the +4 scimitar of Otzimoh {flame, +Blink rElec
                  | Will-} (You bought it in a shop on level 2 of the Dungeon)
  8803 | D:8      | Noticed a two-headed ogre
  8814 | D:8      | Killed a two-headed ogre
  9032 | D:8      | Noticed a two-headed ogre
  9040 | D:8      | Noticed Harold
  9044 | D:8      | Mangled by a two-headed ogre

Illustrated notes

Levels and vault maps discovered:
D:1:      amcnicky_arrival_wind_blow, layout_basic,
          shapermc_ecumenical_altar_mp_highgroup
D:2:      layout_rooms, serial_shops, nicolae_shop_crystal,
          minmay_joined_circles, uniq_jessica
D:3:      minmay_recursive_quarters, layout_basic, uniq_terence
D:4:      layout_basic, serial_shops, nicolae_shop_waterfront, glass_columns_c
D:5:      layout_basic, bh_walls_and_bars
D:6:      minmay_skewed_foursquare, layout_loops_corners,
          kennysheep_generic_room_11
D:7:      layout_basic, minmay_temple_entry_gardened_gates, serial_shops, shop,
          uniq_pikel
D:8:      layout_basic, uniq_psyche, uniq_harold
Temple:   nicolae_temple_great_sept

Skill      XL: |  1  2  3  4  5  6  7  8  9 |
---------------+----------------------------+-----
Fighting       | 3 4 5 6 8 9 |  9.5
Armour         | 1 2 3 4 6 8 9 |  9.1
Slings         | 5 6 7 8 9 |  9.6
Dodging        | |  2.1
Stealth        | |  0.7

Action                   |  1- 3 |  4- 6 |  7- 9 || total
-------------------------+-------+-------+-------++-------
 Fire: Hunting sling     |    66 |   273 |   325 ||   664
  Use: Scroll            |     2 |     9 |     3 ||    14
       Potion            |       |       |     1 ||     1
Armor: Ring mail         |     2 |       |       ||     2
       Chain mail        |     8 |    36 |   112 ||   156
Dodge: Dodged            |    17 |    29 |    60 ||   106

Table legend: (Time is in decaauts)
 A = Elapsed time spent in this place.
 B = Non-inter-level travel time spent in this place.
 C = Inter-level travel time spent in this place.
 D = Time resting spent in this place.
 E = Time spent auto-exploring this place.
 F = Levels seen in this place.
 G = Mean time per level.
                   A        B        C        D        E       F      G
               +--------+--------+--------+--------+--------+-----+--------+
         Total |   8948 |   8356 |    592 |    537 |   6616 |   9 |  994.2 |
       Dungeon |   8867 |   8287 |    580 |    537 |   6558 |   8 | 1108.4 |
        Temple |     80 |     68 |     12 |      0 |     58 |   1 |   80.0 |
               +--------+--------+--------+--------+--------+-----+--------+

Top non-repeatable levels by time:
     D:5: 1875 daAuts
     D:6: 1525 daAuts
     D:4: 1386 daAuts
     D:3: 1365 daAuts
     D:7: 901 daAuts
     D:2: 836 daAuts
     D:1: 740 daAuts
     D:8: 236 daAuts
  Temple: 80 daAuts
